Map: Orbital Shipyard

Players

goku

  • Race: Protoss Protoss
  • League: Grandmaster

Jason - Winner!

  • Race: Terran Terran
  • League: Grandmaster

VOD

Have the link to the VOD?

Description

Time

  • Played on: Jan. 12, 2016, 7:13 p.m.
  • Length: 18:35
Show
View Real Time Build Order
Export as new Build Order

goku Protoss 

Build Orders: 1 Gate Expand 

Get SALT Encoding   

  12  0:01  Probe (Chrono Boost)  
  13  0:12  Probe (Chrono Boost)  
  14  0:18  Pylon  
  14  0:22  Probe (Chrono Boost)  
  15  0:36  Probe (Chrono Boost), Gateway  
  16  0:43  Assimilator  
  16  0:46  Probe (Chrono Boost)  
  17  0:57  Probe (Chrono Boost)  
  18  1:08  Probe (Chrono Boost)  
  20  1:18  Probe (Chrono Boost)  
  20  1:24  Nexus  
  20  1:34  Cybernetics Core  
  20  1:37  Probe (Chrono Boost)  
  21  1:45  Assimilator  
  21  1:48  Pylon  
  21  1:53  Probe (Chrono Boost)  
  22  2:04  Probe (Chrono Boost)  
  23  2:11  Adept (Chrono Boost)  
  23  2:12  Warp Gate  
  25  2:19  Mothership Core (Chrono Boost)  
  27  2:37  Adept  
  27  2:39  Probe (Chrono Boost)  
  27  2:41  Probe (Chrono Boost)  
  31  2:47  Robotics Facility  
  31  2:49  Probe (Chrono Boost)  
  32  2:51  Probe (Chrono Boost)  
  32  3:00  Probe (Chrono Boost)  
  32  3:02  Probe (Chrono Boost)  
  34  3:06  Adept  
  34  3:10  Probe (Chrono Boost)  
  34  3:12  Probe (Chrono Boost)  
  38  3:19  Pylon  
  38  3:21  Probe (Chrono Boost)  
  38  3:23  Probe (Chrono Boost)  
  40  3:31  Probe (Chrono Boost)  
  40  3:32  Probe (Chrono Boost)  
  40  3:33  Adept  
  44  3:35  Warp Prism (Chrono Boost)  
  46  3:43  Probe  
  46  3:45  Probe  
  48  3:52  Robotics Bay  
  48  3:55  Probe x2  
  49  4:01  Pylon  
  50  4:06  Probe  
  50  4:07  Probe  
  52  4:16  Probe  
  52  4:18  Assimilator  
  52  4:19  Probe  
  52  4:20  Adept  
  52  4:21  Observer (Chrono Boost)  
  52  4:23  Assimilator  
  57  4:24  Pylon  
  57  4:27  Probe  
  58  4:31  Probe  
  58  4:37  Probe  
  59  4:42  Observer (Chrono Boost)  
  59  4:43  Probe  
  62  4:50  Probe, Gravitic Drive (Chrono Boost)  
  63  4:55  Probe  
  63  4:57  Nexus  
  63  4:59  Disruptor, Pylon x2  
  64  5:02  Probe  
  64  5:06  Sentry  
  70  5:17  Probe x2  
  70  5:18  Twilight Council, Forge  
  70  5:29  Probe x2  
  70  5:30  Warp Prism  
  74  5:41  Probe  
  75  5:43  Gateway  
  75  5:45  Gateway  
  75  5:47  Gateway  
  75  5:48  Probe  
  75  5:49  Blink  
  76  5:50  Gateway  
  76  5:53  Probe  
  76  5:54  Pylon  
  76  5:55  Protoss Ground Weapons Level 1 (Chrono Boost)  
  77  6:01  Probe, Disruptor  
  78  6:05  Probe  
  82  6:13  Probe  
  82  6:17  Probe  
  83  6:19  Probe  
  83  6:22  Pylon  
  83  6:25  Probe  
  86  6:33  Disruptor  
  86  6:36  Probe  
  86  6:39  Gateway  
  90  6:41  Gateway  
  90  6:47  Gateway  
  90  6:48  Stalker x4  
  90  6:49  Assimilator x2  
  90  6:53  Pylon  
  90  6:54  Pylon  
  98  7:00  Templar Archives  
  98  7:07  Forge  
  98  7:08  Stalker  
  100  7:09  Disruptor  
  100  7:14  Pylon  
  103  7:40  Charge  
  103  7:46  Disruptor  
  103  7:50  Stalker x2  
  110  7:51  Stalker  
  110  7:52  Zealot x4  
  110  7:54  Protoss Ground Armor Level 1 (Chrono Boost)  
  110  7:57  Protoss Ground Weapons Level 2 (Chrono Boost)  
  112  8:07  Psionic Storm  
  112  8:14  Zealot  
  112  8:15  Zealot x6  
  126  8:34  High Templar  
  126  8:35  High Templar x2  
  126  8:36  Zealot x4  
  140  8:43  Nexus  
  140  8:46  Pylon  
  140  9:03  Warp Prism  
  140  9:05  Pylon, High Templar x2  
  140  9:06  Pylon, Zealot  
  140  9:08  Pylon  
  148  9:10  Pylon  
  147  9:25  Protoss Ground Armor Level 2 (Chrono Boost)  
  147  9:26  Zealot x4  
  147  9:27  Zealot x2  
  159  9:38  Nexus  
  159  9:40  Pylon  
  159  9:41  Nexus  
  159  9:43  Assimilator  
  158  9:49  Assimilator  
  134  9:55  Protoss Ground Weapons Level 3 (Chrono Boost)  
  134  9:57  Zealot x6  
  134  9:58  Zealot x2  
  134  9:59  Disruptor (Chrono Boost)  
  146  10:17  Dark Shrine  
  146  10:20  Adept x2  
  146  10:21  Adept x2  
  154  10:32  Disruptor (Chrono Boost)  
  139  10:38  Archon  
  121  10:50  High Templar x3  
  121  10:51  Zealot  
  121  10:52  Zealot x2, High Templar x2  
  93  11:15  Zealot x3  
  93  11:17  Immortal (Chrono Boost)  
  97  11:20  Archon x2  
  97  11:34  Protoss Ground Armor Level 3  
  97  11:38  High Templar x3  
  97  11:39  High Templar  
  105  11:40  Zealot x2, High Templar x2  
  105  11:42  Archon x2  
  105  11:44  Archon  
  105  11:45  Pylon  
  113  11:50  Pylon x2, Warp Prism (Chrono Boost)  
  115  12:04  Dark Templar  
  115  12:07  Nexus  
  117  12:09  Pylon  
  117  12:11  Pylon  
  117  12:12  Pylon  
  117  12:14  Zealot x7  
  131  12:22  Immortal (Chrono Boost)  
  132  12:37  Zealot x7  
  132  12:38  Pylon  
  113  13:00  Zealot x5  
  114  13:21  High Templar x6  
  114  13:22  High Templar x2  
  114  13:25  Archon x3  
  114  13:26  Archon  
  128  13:51  Immortal (Chrono Boost)  
  132  13:56  High Templar x2  
  132  13:57  Zealot  
  132  13:58  Zealot x5  
  132  13:59  Assimilator  
  132  14:00  Archon  
  132  14:01  Assimilator  
  148  14:22  High Templar x2  
  148  14:23  Zealot x2  
  148  14:24  Zealot x2  
  160  14:28  Archon  
  160  14:32  Zealot x2  
  138  14:47  Zealot x4  
  129  14:55  High Templar x3  
  129  15:04  Mothership Core (Chrono Boost)  
  103  15:14  Zealot x2  
  103  15:15  Zealot x3  
  103  15:16  Immortal (Chrono Boost)  
  102  16:05  High Templar x2  
  102  16:09  Archon  
  102  16:10  Nexus  
  104  16:22  Nexus  
  104  16:45  High Templar x2  
  105  16:49  Archon  
  94  17:07  Zealot  
  61  17:56  Archon  
Show
View Real Time Build Order
Export as new Build Order

Jason Terran - Winner!

Build Orders: Bio Tank 

Get SALT Encoding   

  12  0:00  SCV  
  13  0:13  SCV  
  14  0:17  Supply Depot  
  14  0:25  SCV  
  15  0:39  SCV  
  15  0:40  Barracks  
  16  0:44  Refinery  
  16  0:51  SCV  
  17  1:04  SCV  
  18  1:16  SCV  
  19  1:29  Orbital Command  
  20  1:33  Barracks Reactor  
  19  1:42  Command Center  
  19  1:55  Supply Depot, SCV  
  20  2:07  SCV  
  21  2:10  Reaper x2  
  23  2:19  SCV  
  24  2:31  SCV  
  25  2:43  Command Center, SCV  
  25  2:44  Marine x2  
  28  2:55  SCV  
  28  2:57  Factory  
  29  3:01  Orbital Command  
  29  3:06  Marine  
  29  3:07  Marine  
  29  3:09  SCV  
  32  3:21  SCV  
  32  3:24  Marine  
  32  3:25  Marine  
  35  3:28  SCV  
  35  3:30  Refinery  
  35  3:33  SCV  
  37  3:40  SCV  
  38  3:45  SCV, Marine x2  
  38  3:46  Factory Tech Lab  
  41  3:48  Supply Depot  
  41  3:52  SCV, Starport  
  42  3:57  SCV  
  42  3:59  Orbital Command  
  43  4:04  SCV  
  43  4:07  Marine x2  
  43  4:09  SCV  
  46  4:13  Cyclone  
  46  4:16  SCV  
  50  4:21  SCV, Engineering Bay  
  51  4:25  SCV  
  51  4:27  Marine x2  
  51  4:28  SCV  
  51  4:29  Supply Depot  
  55  4:33  SCV, Viking  
  55  4:37  SCV  
  59  4:40  SCV  
  59  4:44  Marine  
  60  4:45  SCV  
  60  4:46  Marine  
  60  4:49  SCV  
  60  4:50  Terran Infantry Armor Level 1  
  60  4:51  Supply Depot  
  60  4:52  SCV  
  64  4:58  SCV, Barracks  
  64  5:05  SCV  
  64  5:06  Barracks  
  64  5:10  SCV  
  64  5:11  Marine x2  
  64  5:12  SCV  
  68  5:17  SCV  
  69  5:22  SCV, Refinery  
  69  5:23  Refinery  
  69  5:24  SCV  
  71  5:29  SCV, Siege Tank  
  71  5:30  Viking  
  71  5:34  SCV  
  78  5:36  SCV  
  78  5:38  Supply Depot  
  78  5:39  Supply Depot  
  78  5:40  Marine  
  78  5:42  Orbital Command  
  80  5:44  SCV  
  80  5:46  Marine  
  82  5:50  Barracks Tech Lab  
  82  5:51  SCV  
  82  5:53  Supply Depot, Barracks Tech Lab  
  82  5:54  Supply Depot  
  83  5:59  Marine  
  83  6:01  Siege Tank  
  83  6:04  SCV, Marine  
  88  6:06  Starport Reactor  
  88  6:08  SCV x2  
  88  6:10  Barracks  
  91  6:12  Barracks  
  91  6:13  Marine  
  91  6:16  Marine  
  91  6:17  Combat Shields  
  91  6:18  Stimpack  
  93  6:19  SCV  
  93  6:20  SCV  
  93  6:23  SCV  
  93  6:25  Marine x2  
  96  6:26  Supply Depot  
  96  6:27  Supply Depot  
  96  6:31  SCV, Marine  
  94  6:33  Marine  
  94  6:36  SCV, Siege Tank  
  94  6:37  SCV  
  94  6:39  Refinery  
  100  6:40  Refinery  
  100  6:43  Medivac, Marine x2  
  104  6:47  SCV  
  104  6:48  SCV  
  104  6:52  Supply Depot  
  104  6:53  Supply Depot, Marine x2  
  108  7:00  Barracks Reactor x2  
  108  7:01  Marine x2  
  108  7:02  Supply Depot  
  108  7:03  SCV  
  108  7:05  Supply Depot  
  108  7:07  Supply Depot  
  108  7:08  Siege Tank  
  114  7:09  Terran Infantry Weapons Level 1  
  114  7:10  Marine  
  114  7:11  Marine  
  114  7:15  SCV x2  
  117  7:17  Factory  
  117  7:18  SCV  
  117  7:19  Marine x2  
  121  7:25  Engineering Bay  
  121  7:27  Armory, SCV  
  121  7:28  SCV, Marine x2  
  125  7:30  SCV  
  125  7:32  Medivac  
  125  7:36  Marine  
  125  7:37  Marine  
  112  7:44  SCV  
  112  7:45  SCV  
  112  7:46  Marine  
  112  7:47  Marine x2  
  112  7:49  SCV, Marine  
  112  7:51  Marine x2  
  120  7:53  Siege Tank  
  120  7:56  SCV  
  120  7:57  SCV, Marine  
  127  8:05  Marine x4  
  130  8:06  Factory Tech Lab  
  130  8:07  Medivac x2  
  130  8:12  Command Center  
  135  8:13  SCV x3  
  135  8:18  Marine  
  139  8:20  Marine  
  139  8:25  Marine  
  139  8:26  Marine  
  142  8:27  Marine  
  142  8:28  Siege Tank, Marine x3  
  142  8:31  SCV x2  
  142  8:33  SCV  
  152  8:35  Marine  
  152  8:37  Medivac  
  152  8:38  Marine  
  156  8:43  Medivac, Marine  
  156  8:44  Marine  
  156  8:45  Marine  
  156  8:46  Marine x2  
  163  8:51  Terran Infantry Armor Level 2  
  163  8:52  Marine  
  163  8:53  Marine  
  164  8:56  Marine  
  164  9:01  Marine  
  164  9:02  Marine  
  167  9:03  Marine  
  167  9:04  Siege Tank, Marine  
  167  9:07  Medivac  
  173  9:23  Marine x3  
  176  9:28  Supply Depot  
  176  9:29  Supply Depot x2, Marine  
  177  9:31  Terran Infantry Weapons Level 2  
  177  9:32  Marine x2  
  177  9:35  SCV  
  177  9:36  SCV, Siege Tank  
  177  9:37  SCV  
  184  9:47  SCV  
  179  9:57  Marine x3  
  179  9:58  Marine  
  176  10:00  Marine x2  
  176  10:01  Marine x2  
  179  10:08  Siege Tank  
  182  10:15  Marine x3  
  182  10:16  Marine  
  182  10:18  Siege Tank, Marine x2  
  182  10:19  Marine x2  
  192  10:33  Marine  
  189  10:37  Marine  
  189  10:40  Siege Tank  
  189  10:41  Marine  
  140  10:42  Marine  
  140  10:43  Marine x2  
  140  10:45  Marine  
  140  10:47  Marine  
  142  10:50  Siege Tank  
  142  10:51  Marine  
  142  10:55  Marine  
  130  11:05  Marine x2  
  130  11:06  Marine x2  
  130  11:07  Marine  
  130  11:08  Marine  
  130  11:09  Marine  
  126  11:12  Siege Tank  
  126  11:13  Marine  
  130  11:19  SCV x2, Planetary Fortress  
  130  11:22  Siege Tank, Marine  
  130  11:23  Marine x2  
  130  11:24  Marine  
  139  11:28  Marine x3  
  139  11:31  Marine  
  143  11:40  Marine, Medivac x2  
  143  11:41  Marine x2  
  143  11:42  Marine  
  143  11:44  Siege Tank  
  143  11:45  Terran Infantry Armor Level 3  
  143  11:46  Marine x2  
  156  11:49  SCV  
  156  11:51  Marine  
  156  11:52  Marine  
  162  11:54  Siege Tank  
  162  11:58  SCV x2, Ghost Academy, Marine x2  
  162  11:59  Barracks, Marine  
  162  12:00  Marine  
  168  12:01  Barracks  
  168  12:02  Refinery x2, Barracks  
  168  12:03  Sensor Tower  
  168  12:04  Marine x2  
  170  12:09  Marine x2  
  172  12:16  Siege Tank, Marine x2  
  172  12:17  Marine  
  172  12:18  Marine  
  172  12:21  Marine  
  172  12:22  Missile Turret, Marine  
  181  12:23  Missile Turret  
  181  12:27  Marine x2  
  183  12:32  Siege Tank, Missile Turret  
  183  12:34  Marine x2  
  183  12:35  Marine x2  
  188  12:39  Marine x2  
  190  12:48  Siege Tank  
  137  12:59  Marine x5  
  137  13:00  Marine x2  
  137  13:01  Marine  
  137  13:04  Siege Tank  
  128  13:14  SCV x2  
  128  13:16  Marine  
  128  13:17  Marine x5  
  128  13:18  Marine  
  132  13:21  Siege Tank  
  132  13:22  Marine  
  132  13:23  Marine x2  
  132  13:25  SCV  
  139  13:27  SCV, Marine  
  141  13:34  Marine  
  141  13:35  Marine x2  
  141  13:36  Siege Tank  
  141  13:40  Sensor Tower  
  141  13:41  Marine  
  148  13:45  Marine  
  148  13:47  Marine  
  150  13:52  SCV  
  151  13:55  Marine x2  
  151  13:56  Marine  
  151  13:58  Medivac  
  151  14:01  Widow Mine  
  158  14:07  Marine x5  
  158  14:09  Marine  
  164  14:12  Marine  
  165  14:19  Marine x2  
  165  14:20  Siege Tank  
  165  14:22  Marine x2  
  172  14:29  Marine x2  
  172  14:30  Siege Tank, Marine  
  177  14:33  Marine x2  
  177  14:35  Marine  
  177  14:37  Marine  
  177  14:38  Marine  
  134  14:47  Marine x4  
  134  14:51  Marine  
  134  14:52  Marine  
  124  14:58  Marine x2  
  124  14:59  Marine  
  124  15:06  Marine  
  125  15:07  Marine  
  125  15:08  Marine  
  125  15:13  Marine x2  
  127  15:20  Medivac  
  127  15:21  Medivac  
  131  15:31  Orbital Command  
  131  15:37  Marine x2  
  131  15:38  Marine  
  134  15:45  Marine  
  135  15:50  Medivac  
  135  15:51  Medivac  
  135  15:53  Marine  
  135  15:54  Marine x3  
  137  16:02  Marine  
  137  16:04  Siege Tank  
  137  16:05  Marine  
  137  16:10  Marine  
  141  16:20  Medivac  
  143  16:27  Marine  
  143  16:29  Marine x5  
  143  16:30  Marine x3  
  152  16:33  SCV  
  152  16:37  Siege Tank  
  155  16:44  Marine x2  
  157  16:51  Supply Depot  
  154  17:03  Marine  
  154  17:05  Marine x2  
  146  17:08  Marine x2  
  146  17:09  Hellion  
  146  17:15  Marine x2  
  149  17:18  Supply Depot  
  148  17:23  Marine  
  148  17:29  Marine  
  149  17:30  Siege Tank  
  106  18:02  Siege Tank  
Tags
 
Add a new tag
Caveats
  • Supply blocks, unpowered buildings, or Contaminate may cause inaccurate times.
  • Supply counts are checked every 10 seconds.